General information
- name: grudge01
- type: Custom game
- host: fineX.
- saver: GapInTheTooth
map: LostTemple
- players: 4
- length: 48:53
- speed: Fast
- version: 1.21 W3XP
- replay type: Public
» download(166 KB)
Players
team 1 (loser)

»
GapInTheTooth (
light-blue | 65 APM | 3171 actions | 48:53)
7 Paladin
3 Devotion Aura
1 Holy Light
2 Divine Shield
1 Resurrection
5 Archmage
3 Brilliance Aura
2 Summon Water Elemental
» actions
| Assign group hotkey | 74 | |
| Basic commands | 203 | |
| Build / train | 131 | |
| ESC pressed | 18 | |
| Enter build submenu | 32 | |
| Enter hero's abilities submenu | 15 | |
| Give item / drop item | 1 | |
| Remove unit from queue | 2 | |
| Right click | 1390 | |
| Select / deselect | 867 | |
| Select group hotkey | 219 | |
| Use ability | 219 | |
3171 total
» units
| Peasant | 13 | |
| Rifleman | 9 | |
| Mortar Team | 9 | |
| Priest | 16 | |
| Knight | 12 | |
| Sorceress | 2 | |
| Spell Breaker | 3 | |
| Gryphon Rider | 6 | |
| Goblin Shredder | 2 | |
| Goblin Zeppelin | 1 | |
73 total
» upgrades
| Gunpowder | 3 | |
| Masonry | 3 | |
| Lumber Harvesting | 2 | |
| Long Rifles | 1 | |
| Priest Training | 2 | |
| Fragmentation Shards | 1 | |
| Flare | 1 | |
| Animal War Training | 1 | |
| Armor | 1 | |
| Plating | 3 | |
| Sorceress Training | 1 | |
| Swords | 2 | |
| Storm Hammers | 1 | |
| Magic Sentry | 1 | |
23 total
» buildings
| Altar of Kings | 1 | |
| Farm | 13 | |
| Lumber Mill | 1 | |
| Blacksmith | 1 | |
| Scout Tower | 8 | |
| Barracks | 1 | |
| Arcane Tower | 1 | |
| Keep | 1 | |
| Guard Tower | 6 | |
| Arcane Sanctum | 2 | |
| Workshop | 1 | |
| Castle | 1 | |
| Town Hall | 4 | |
| Arcane Vault | 1 | |
| Gryphon Aviary | 1 | |
43 total
» build order
00:09 Altar of Kings
00:15 Farm
00:21 Lumber Mill
00:30 Blacksmith
01:18 Scout Tower
01:40 Farm
02:12 Barracks
02:30 Arcane Tower
03:34 Farm
03:52 Farm
03:52 Farm
03:53 Farm
04:51 Scout Tower
04:58 Scout Tower
05:08 Keep
05:25 Guard Tower
05:51 Guard Tower
06:30 Farm
06:30 Farm
06:33 Farm
07:29 Farm
07:44 Arcane Sanctum
07:54 Workshop
09:16 Farm
09:22 Farm
10:17 Castle
11:43 Town Hall
13:51 Arcane Vault
17:29 Town Hall
17:49 Scout Tower
17:51 Scout Tower
17:51 Scout Tower
17:53 Scout Tower
18:15 Scout Tower
18:53 Guard Tower
19:19 Guard Tower
19:34 Guard Tower
19:48 Guard Tower
21:11 Gryphon Aviary
25:35 Town Hall
26:01 Farm
34:26 Arcane Sanctum
41:51 Town Hall
» items
| Boots of Speed | 1 | |
| Scroll of Town Portal | 7 | |
| Potion of Lesser Invulnerability | 2 | |
10 total
team 2 (winner)
VELOX_NEB (
pink | 92 APM | 4488 actions | 48:53)
6 Far Seer
3 Feral Spirit
2 Chain Lighting
1 Earth Quake
6 Tauren Chieftain
3 War Stomp
2 Endurance Aura
1 Reincarnation
6 Shadow Hunter
3 Serpent Ward
2 Healing Wave
1 Big Bad Voodoo
» actions
| Assign group hotkey | 152 | |
| Basic commands | 209 | |
| Build / train | 140 | |
| ESC pressed | 1 | |
| Enter build submenu | 18 | |
| Enter hero's abilities submenu | 19 | |
| Give item / drop item | 3 | |
| Remove unit from queue | 4 | |
| Right click | 1895 | |
| Select / deselect | 878 | |
| Select group hotkey | 837 | |
| Use ability | 332 | |
4488 total
» units
| Peon | 12 | |
| Grunt | 31 | |
| Raider | 27 | |
| Spirit Walker | 17 | |
| Troll Headhunter/Berserker | 1 | |
| Demolisher | 1 | |
89 total
» upgrades
| Berserker Strength | 1 | |
| Ensnare | 1 | |
| Reinforced Defenses | 1 | |
| Pillage | 1 | |
| Spirit Walker Training | 2 | |
| Melee Weapons | 3 | |
| Armor | 3 | |
12 total
» buildings
| Altar of Storms | 1 | |
| Orc Burrow | 6 | |
| Barracks | 1 | |
| Stronghold | 1 | |
| War Mill | 1 | |
| Voodoo Lounge | 1 | |
| Beastiary | 1 | |
| Fortress | 1 | |
| Spirit Lodge | 1 | |
| Watch Tower | 2 | |
| Great Hall | 3 | |
19 total
» build order
00:06 Altar of Storms
00:21 Orc Burrow
00:36 Barracks
01:34 Orc Burrow
02:46 Stronghold
03:46 Orc Burrow
03:49 War Mill
05:05 Orc Burrow
05:31 Voodoo Lounge
06:06 Beastiary
06:31 Orc Burrow
07:39 Fortress
09:36 Spirit Lodge
12:35 Watch Tower
12:37 Watch Tower
15:16 Great Hall
21:01 Orc Burrow
25:03 Great Hall
35:32 Great Hall
» items
| Orb of Lightning | 1 | |
| Healing Salve | 4 | |
| Lesser Clarity Potion | 5 | |
| Scroll of Town Portal | 1 | |
11 total
refereesfineX.,
Sgt.Malarkey Chat log
(00:04 / All) GapInTheTooth: gl hf
(00:08 / All) VELOX_NEB: u2
(30:44 / All) VELOX_NEB: i think a 4s would've been shorter
(34:06 / All) Sgt.Malarkey: woot!
(48:50 / All) GapInTheTooth: you have map control
(48:51 / All) GapInTheTooth: gg